Map: Year Zero LE

Players

PtitDrogo - Winner!

  • Race: Protoss Protoss
  • Spawn Location: 1:00

CmeTanKa

  • Race: Terran Terran
  • Spawn Location: 11:00

Event: 2019 WCS Spring

VOD

Have the link to the VOD?

Description

Time

  • Played on: May 17, 2019, 6:34 a.m.
  • Length: 9:52

All games in this series

Show
View Real Time Build Order
Export as new Build Order

PtitDrogo Protoss - Winner!

Build Orders: 1 Gate Expand, Zealot Archon, Colossus Rush 

Get SALT Encoding   

  12  0:00  Probe  
  13  0:12  Probe  
  14  0:18  Pylon  
  14  0:24  Probe  
  15  0:32  Probe  
  15  0:38  Gateway  
  15  0:40  Probe  
  16  0:47  Assimilator  
  17  0:51  Probe  
  18  1:03  Probe  
  19  1:15  Probe  
  20  1:24  Nexus  
  20  1:33  Cybernetics Core  
  20  1:37  Probe  
  21  1:43  Assimilator  
  21  1:49  Probe  
  22  1:54  Pylon  
  22  2:02  Warp Gate, Probe  
  22  2:03  Stalker  
  23  2:14  Probe  
  26  2:26  Probe  
  26  2:29  Robotics Facility  
  27  2:32  Stalker  
  27  2:33  Probe  
  30  2:39  Probe  
  30  2:41  Probe  
  31  2:51  Probe x2  
  33  2:56  Gateway  
  34  3:03  Probe x2  
  34  3:04  Sentry  
  38  3:09  Observer  
  38  3:13  Gateway  
  38  3:15  Probe  
  38  3:17  Probe  
  41  3:26  Pylon  
  41  3:27  Probe  
  41  3:29  Probe  
  41  3:32  Assimilator  
  43  3:35  Observer  
  43  3:36  Assimilator  
  43  3:37  Probe  
  43  3:41  Probe  
  46  3:45  Probe  
  46  3:50  Pylon  
  46  3:53  Probe x2  
  46  3:54  Stalker x2  
  52  4:01  Pylon  
  53  4:05  Probe  
  53  4:08  Probe  
  55  4:17  Robotics Bay  
  55  4:18  Probe  
  55  4:20  Probe  
  57  4:25  Twilight Council  
  57  4:30  Probe  
  58  4:37  Nexus  
  58  4:40  Pylon  
  58  4:41  Probe  
  58  4:42  Probe  
  58  4:43  Observer  
  60  4:48  Colossus, Observer  
  60  4:51  Charge  
  60  4:53  Probe  
  60  4:54  Probe  
  60  4:59  Extended Thermal Lance  
  68  5:13  Templar Archives  
  67  5:15  Gateway  
  67  5:18  Gateway  
  67  5:22  Gateway  
  67  5:24  Probe  
  67  5:26  Probe  
  69  5:28  Colossus  
  69  5:36  Probe  
  69  5:38  Probe  
  77  5:43  Observer  
  77  5:46  Pylon  
  77  5:49  Probe  
  78  5:54  Gateway  
  78  5:55  Gateway  
  78  6:01  Zealot, High Templar x2  
  84  6:05  Archon  
  84  6:10  Pylon  
  84  6:13  Zealot x2, Colossus  
  88  6:23  Zealot  
  96  6:30  Pylon x2  
  96  6:33  Zealot x4  
  104  6:44  High Templar  
  106  6:48  High Templar  
  106  6:49  Zealot  
  106  6:52  Archon  
  106  6:53  Zealot  
  106  6:54  Zealot x3  
  118  7:00  Probe  
  115  7:03  Probe  
  115  7:04  Probe  
  115  7:06  Blink  
  113  7:08  Warp Prism  
  113  7:10  Assimilator  
  113  7:11  Probe  
  113  7:12  Probe x2  
  113  7:14  Assimilator  
  117  7:16  Forge  
  117  7:19  Forge, Probe  
  117  7:20  Probe  
  118  7:23  Pylon  
  118  7:24  Probe  
  121  7:30  Probe  
  121  7:31  Probe  
  121  7:35  Pylon  
  123  7:39  Protoss Ground Armor Level 1, Probe  
  123  7:42  Nexus  
  123  7:44  Pylon  
  124  7:46  Protoss Ground Weapons Level 1  
  124  7:56  Zealot x4  
  132  7:59  Zealot x2  
  132  8:03  Zealot x2  
  140  8:16  Pylon  
  140  8:17  Pylon  
  140  8:18  High Templar x4  
  148  8:22  Pylon, Archon x2  
  148  8:23  Pylon  
  148  8:34  Gateway x2  
  148  8:36  High Templar x3  
  148  8:38  High Templar  
  148  8:40  Probe x3  
  159  8:43  Pylon, Archon x2  
  159  8:44  Pylon  
  159  8:49  Assimilator  
  159  8:50  Zealot x4  
  159  8:53  Assimilator  
  143  9:12  Zealot x4  
  143  9:13  Stalker x4  
  152  9:22  Probe  
  152  9:23  Probe  
  140  9:27  Probe  
  140  9:28  Probe  
  138  9:35  Stalker x4  
  138  9:36  Stalker x2  
  150  9:48  Stalker x2  
Show
View Real Time Build Order
Export as new Build Order

CmeTanKa Terran 

Build Orders:  

Get SALT Encoding   

  12  0:01  SCV  
  13  0:13  SCV  
  14  0:18  Supply Depot  
  14  0:25  SCV  
  15  0:30  Refinery  
  15  0:40  SCV  
  16  0:46  Barracks  
  16  0:52  SCV  
  17  1:04  SCV  
  18  1:16  SCV  
  20  1:35  Reaper  
  20  1:37  Orbital Command  
  20  1:54  Command Center  
  20  2:03  SCV  
  20  2:07  Factory  
  21  2:12  Barracks Reactor  
  21  2:15  SCV  
  22  2:20  Supply Depot  
  22  2:27  SCV  
  22  2:28  Refinery  
  23  2:39  Barracks  
  23  2:42  SCV  
  24  2:49  Marine x2  
  26  2:54  SCV  
  29  3:06  SCV, Widow Mine  
  29  3:08  Orbital Command  
  29  3:11  Marine x2  
  32  3:18  SCV  
  33  3:27  Barracks Tech Lab  
  33  3:29  Marine x2, Factory Tech Lab  
  33  3:30  SCV  
  33  3:33  SCV  
  36  3:42  SCV  
  36  3:44  Starport  
  36  3:45  Marine  
  36  3:46  Stimpack  
  36  3:47  SCV  
  40  3:50  Siege Tank  
  40  3:55  SCV  
  43  3:57  Marine  
  43  3:58  Marine  
  45  4:05  Marine  
  46  4:10  Supply Depot  
  46  4:14  SCV x2  
  48  4:22  Siege Tank, Marine  
  52  4:24  Viking  
  54  4:32  SCV  
  54  4:33  Supply Depot  
  55  4:39  Supply Depot  
  55  4:48  Marine x2  
  55  4:49  SCV  
  58  4:53  Engineering Bay, Marine  
  58  4:54  Siege Tank  
  62  5:01  Supply Depot  
  62  5:10  SCV x2  
  62  5:11  Marine x3  
  62  5:12  Viking  
  69  5:21  Terran Infantry Weapons Level 1  
  69  5:22  SCV x2  
  69  5:24  Refinery  
  69  5:27  Missile Turret  
  71  5:30  Marine  
  71  5:31  Missile Turret  
  72  5:46  SCV  
  73  5:50  SCV  
  73  5:52  Refinery  
  73  5:56  Combat Shield, Marine  
  75  5:58  SCV, Supply Depot  
  75  6:00  Barracks  
  75  6:03  SCV  
  77  6:05  Starport Reactor  
  77  6:09  Siege Tank  
  80  6:22  Marine x3  
  83  6:25  Barracks  
  83  6:48  Bunker  
  83  6:49  Bunker  
  71  7:04  Medivac x2, Marine x2  
  71  7:07  Barracks Reactor  
  57  7:10  Barracks  
  57  7:14  SCV x2, Command Center  
  57  7:17  Terran Infantry Armor Level 1  
  57  7:20  Barracks Reactor  
  57  7:22  Marine x2  
  57  7:25  Concussive Shells  
  57  7:26  SCV  
  60  7:30  Liberator  
  60  7:32  Missile Turret  
  60  7:33  SCV  
  61  7:41  SCV  
  62  7:45  Marauder  
  62  7:47  Missile Turret, Medivac  
  62  7:49  Marine x3  
  71  7:54  SCV  
  71  7:56  SCV, Marine  
  71  7:58  Barracks Tech Lab  
  74  8:07  Marauder, Marine x3  
  74  8:08  Liberator  
  74  8:10  Siege Tank  
  82  8:13  Liberator  
  85  8:27  Marine x2  
  85  8:28  Marauder, Marine  
  85  8:29  Marine x2  
  85  8:30  Marauder, Orbital Command  
  97  8:38  Armory  
  97  8:40  Engineering Bay  
  97  9:00  Marauder, Marine  
  85  9:23  Marine  
  85  9:24  Marine  
  69  9:25  Marauder  
  69  9:26  Marauder  
  57  9:33  Marine x2  
Tags
 
Add a new tag
Caveats
  • Supply blocks, unpowered buildings, or Contaminate may cause inaccurate times.
  • Supply counts are checked every 10 seconds.